 Dungeon Crawl Stone Soup version 0.29.1-15-g9cfb28693d (webtiles) character file.

Game seed: 3198321897063439807

5453 boopmooplesden the Basher (level 10, -1/88 HPs)
             Began as a Minotaur Fighter on Mar 9, 2023.
             Was an Elder of Okawaru.
             Slain by a gargoyle
             ... wielding a +0 mace
              (10 damage)
             ... on level 7 of the Dungeon.
             The game lasted 00:09:37 (7545 turns).

boopmooplesden the Basher (Minotaur Fighter)        Turns: 7545, Time: 00:09:37

Health: -1/88      AC: 13    Str: 25    XL:     10   Next: 41%
Magic:  9/9        EV:  9    Int:  5    God:    Okawaru [****..]
Gold:   315        SH:  6    Dex: 10    Spells: 9/9 levels left

rFire   . . .      SeeInvis .   a - +1 flail
rCold   . . .      Faith    .   c - +1 buckler
rNeg    . . .      Spirit   .   f - +0 chain mail
rPois   +          Reflect  .   (helmet restricted)
rElec   .          Harm     .   (no cloak)
rCorr   .          Rampage  .   k - +0 pair of gloves
Will    .....                   (no boots)
Stlth   ..........              (no amulet)
HPRegen 0.24/turn               v - ring of poison resistance
MPRegen 0.11/turn               (no ring)

@: about to teleport
A: horns 2, retaliatory headbutt
a: Renounce Religion, Heroism, Finesse


You were on level 7 of the Dungeon.
You worshipped Okawaru.
Okawaru was greatly pleased with you.
You visited 1 branch of the dungeon, and saw 7 of its levels.
You also visited: Ossuary.

You collected 315 gold pieces.

Inventory:

Hand Weapons
 a - a +1 flail (weapon)
Missiles
 g - 2 boomerangs of dispersal
 l - 8 boomerangs (quivered)
 w - 3 throwing nets
Armour
 b - a +0 scale mail
 c - a +1 buckler (worn)
 f - a +0 chain mail (worn)
 k - a +0 pair of gloves (worn)
 E - the +6 scale mail of Decaying Birdsong {*Corrode rC- Int+7 Dex+2}
   (You found it on level 5 of the Dungeon)

   Int:       It affects your intelligence (+7).
   Dex:       It affects your dexterity (+2).
   rC:        It makes you vulnerable to cold.
   *Corrode:  It may corrode you when you take damage.
Jewellery
 j - an amulet of faith
 v - a ring of poison resistance (left hand)
 y - an amulet of magic regeneration
Wands
 q - a wand of flame (56)
 s - a wand of mindburst (4)
 t - a wand of digging (4)
 u - a wand of paralysis (16)
Scrolls
 e - 5 scrolls of fear
 i - a scroll of poison
 o - 9 scrolls of identify
 B - a scroll of noise {unknown}
 D - a scroll of teleportation
Potions
 d - 4 potions of might
 h - 2 potions of berserk rage {unknown}
 m - 4 potions of haste {unknown}
 n - a potion of invisibility {unknown}
 p - a potion of attraction {unknown}
 r - a potion of mutation {unknown}
 z - a potion of flight {unknown}
 A - a potion of brilliance {unknown}
 C - a potion of heal wounds {unknown}


   Skills:
 + Level 8.0 Fighting
 + Level 12.1 Maces & Flails
 + Level 1.3 Throwing
 + Level 10.2 Armour
 + Level 3.4 Dodging
 + Level 1.1 Stealth
 + Level 7.0 Shields
 + Level 0.5 Invocations


You had 9 spell levels left.
You didn't know any spells.
Your spell library contained the following spells:

 Spells                   Type           Power      Damage    Failure   Level
 Ensorcelled Hibernation  Hex/Ice        0%         N/A       99%         2
 Passwall                 Tmut/Erth      0%         N/A       99%         2
 Spider Form              Tmut/Pois      0%         N/A       100%        3
 Swiftness                Air            0%         N/A       100%        3
 Anguish                  Hex/Necr       0%         N/A       100%        4
 Alistair's Intoxication  Tmut/Pois      0%         N/A       100%        5
 Borgnjor's Vile Clutch   Necr/Erth      0%         N/A       100%        5
 Eringya's Noxious Bog    Tmut/Pois      0%         N/A       100%        6


Dungeon Overview and Level Annotations

Branches:
Dungeon (7/15)             Temple (0/1) D:6         Ossuary (visited)

Altars:
Ashenzari
Dithmenos
Elyvilon
Fedhas
Makhleb
Nemelex Xobeh
Okawaru
Ru
Sif Muna
Vehumet
Wu Jian

Shops:
D:2 ?

Annotations:
D:5 2 runed translucent doors


Innate Abilities, Weirdness & Mutations

You have a pair of horns on your head.
You reflexively headbutt those who attack you in melee.


Message History

You hit the orc warrior but do no damage.
You headbutt the orc warrior.
The orc warrior is moderately wounded.
The boulder beetle stops rolling and uncurls.
The orc warrior hits you but does no damage.
You sock the orc warrior!
The orc warrior is severely wounded.
You block the orc warrior's attack.
You closely miss the orc warrior.
The orc warrior is severely wounded.
You hit the orc warrior.
You headbutt the orc warrior, but do no damage.
The orc warrior is severely wounded.
The orc warrior hits you with a +0 flail!
The boulder beetle leaps!
You closely miss the orc warrior.
The orc warrior is severely wounded.
The orc warrior hits you with a +0 flail!
You hit the orc warrior. You headbutt the orc warrior.
You kill the orc warrior!
Okawaru accepts your kill.
You thump the gargoyle!
You headbutt the gargoyle, but do no damage.
The gargoyle is moderately damaged.
The gargoyle hurls a stone arrow at you.
The stone arrow hits you!
* * * LOW HITPOINT WARNING * * *
You barely miss the gargoyle.
The gargoyle is moderately damaged.
The gargoyle closely misses you.
The boulder beetle curls into a ball and begins rolling!
As you read the scroll of teleportation, it crumbles to dust.
You feel strangely unstable.
The boulder beetle stops rolling and uncurls.
The gargoyle hurls a stone arrow at you.
The stone arrow hits you!!
* * * LOW HITPOINT WARNING * * *
The boulder beetle curls into a ball and begins rolling!
You feel better. The gargoyle hits you with a +0 mace!
You die...

#.##.##.#.####...###...#
#.#..#)#.#.###.○}###.#.# #
#.#.##.#.#.####○###..#.#
###...#.#.#.#.###B###..#.#
.....##.#.#.#.###.##...#.#
###..#.#.#.#.#.##{##...#.#
....##.#.#.#)#.##T#......#
....#)#########.#9#.######
##..#.# ♣.@##.# ##.##.#
♣.......♣#..#
#..#.#.##..P.P..##.##
..##.#.##♣..♣..♣#..#
))#.###. #..P..##.## .##.#
.##♣...♣#..# )#.## #.
#...##.## ##.# .##♣.♣#..#
#.###.###. ##.####


You could see a boulder beetle (rolling), a troll and a gargoyle.

Vanquished Creatures
  A two-headed ogre (D:5)
  Pikel (D:5)
  A kobold demonologist (D:5)
  A troll (D:5)
  A wraith (D:7)
  A yak (D:5)
  A vampire mosquito (D:7)
  Menkaure (D:5)
  3 water moccasins
  An orc warrior (D:7)
  3 ice beasts
  A sky beast (D:7)
  6 black bears
  An ogre (D:7)
  2 centaurs
  A phantom (D:6)
  2 kobold brigands
  A necrophage (D:6)
  A gnoll sergeant (D:7)
  3 scorpions
  4 wights (D:6)
  A howler monkey (D:7)
  2 centaur zombies (Ossuary)
  2 jellies
  2 orc priests
  9 hounds
  6 iguanas
  6 orc wizards
  7 mummies
  9 adders
  4 gnolls (D:7)
  2 shadow imps
  2 white imps
  An ufetubus (D:7)
  2 worms
  14 orcs
  3 ball pythons
  9 bats
  7 endoplasms
  4 giant cockroaches
  10 goblins
  7 hobgoblins
  6 jackals
  10 kobolds
  2 quokkas
  6 frilled lizards
  2 hobgoblin zombies (Ossuary)
  12 rats
184 creatures vanquished.

Vanquished Creatures (others)
  5 plants (D:6)
5 creatures vanquished.

Grand Total: 189 creatures vanquished

Notes
Turn   | Place    | Note
-------+----------+-------------------------------------------
     0 | D:1      | boopmooplesden the Minotaur Fighter began the quest for the
                  | Orb.
     0 | D:1      | Reached XP level 1. HP: 19/19 MP: 0/0
   100 | D:1      | Reached XP level 2. HP: 24/27 MP: 1/1
   597 | D:1      | Reached XP level 3. HP: 33/33 MP: 2/2
   851 | D:2      | Found Heivom's Magic Scroll Shop.
   854 | D:2      | Reached skill level 3 in Maces & Flails
   948 | D:2      | Found a faded altar of an unknown god.
  1233 | D:3      | Found a radiant altar of Vehumet.
  1241 | D:3      | Reached XP level 4. HP: 31/40 MP: 3/3
  1972 | D:3      | Found a sparkling altar of Nemelex Xobeh.
  2304 | D:4      | Reached skill level 1 in Dodging
  2323 | D:4      | Reached skill level 4 in Maces & Flails
  2323 | D:4      | Reached XP level 5. HP: 24/46 MP: 4/4
  2496 | D:4      | Reached skill level 5 in Armour
  2723 | D:4      | Noticed a black bear
  2729 | D:4      | Killed a black bear
  2730 | D:4      | Reached XP level 6. HP: 48/53 MP: 5/5
  2794 | D:4      | Found a shimmering blue altar of Sif Muna.
  2999 | D:4      | Reached skill level 5 in Maces & Flails
  3067 | D:4      | Found an iron altar of Okawaru.
  3243 | D:4      | Became a worshipper of Warmaster Okawaru
  3265 | D:5      | Entered Level 5 of the Dungeon
  3318 | D:5      | Found a white marble altar of Elyvilon.
  3337 | D:5      | Found a broken altar of Ashenzari.
  3344 | D:5      | Noticed Pikel
  3354 | D:5      | Noticed Menkaure
  3356 | D:5      | Killed Pikel
  3356 | D:5      | Reached * piety under Okawaru
  3356 | D:5      | Reached ** piety under Okawaru
  3357 | D:5      | Reached skill level 5 in Fighting
  3357 | D:5      | Reached skill level 6 in Maces & Flails
  3357 | D:5      | Reached skill level 5 in Shields
  3357 | D:5      | Reached XP level 7. HP: 42/61 MP: 6/6
  3373 | D:5      | Killed Menkaure
  3374 | D:5      | Reached skill level 7 in Maces & Flails
  3374 | D:5      | Reached XP level 8. HP: 21/68 MP: 7/7
  3408 | D:5      | Found a sand-covered staircase.
  3417 | Ossuary  | Entered an ossuary
  4173 | D:5      | Reached skill level 8 in Maces & Flails
  4246 | D:5      | Found a burning altar of Makhleb.
  4437 | D:5      | Found a large runed translucent door.
  4437 | D:5      | Found a large runed translucent door.
  4442 | D:5      | Noticed a kobold demonologist
  4442 | D:5      | Noticed a two-headed ogre
  4460 | D:5      | Killed a two-headed ogre
  4460 | D:5      | Reached *** piety under Okawaru
  4460 | D:5      | Received a gift from Okawaru
  4461 | D:5      | Reached skill level 9 in Maces & Flails
  4461 | D:5      | Reached skill level 1 in Throwing
  4461 | D:5      | Reached XP level 9. HP: 11/75 MP: 5/8
  4461 | D:5      | Noticed a hellwing
  4467 | D:5      | Killed a kobold demonologist
  4487 | D:5      | Found a large runed translucent door.
  4487 | D:5      | Found a large runed translucent door.
  4490 | D:5      | Identified the +6 scale mail of Decaying Birdsong {*Corrode
                  | rC- Int+7 Dex+2}
  5036 | D:5      | Noticed a troll
  5040 | D:5      | Reached **** piety under Okawaru
  5045 | D:5      | Killed a troll
  5046 | D:5      | Reached skill level 10 in Maces & Flails
  5562 | D:6      | Reached skill level 1 in Stealth
  5964 | D:6      | Reached skill level 11 in Maces & Flails
  6123 | D:6      | Found a shadowy altar of Dithmenos.
  6251 | D:6      | Found a staircase to the Ecumenical Temple.
  6301 | D:6      | Reached XP level 10. HP: 62/83 MP: 7/9
  6510 | D:7      | Reached skill level 10 in Armour
  7126 | D:7      | Found an ornate altar of the Wu Jian Council.
  7126 | D:7      | Found a blossoming altar of Fedhas.
  7126 | D:7      | Found a sacrificial altar of Ru.
  7268 | D:7      | Reached ***** piety under Okawaru
  7279 | D:7      | Reached skill level 12 in Maces & Flails
  7514 | D:7      | Noticed a gargoyle
  7514 | D:7      | Noticed a boulder beetle
  7543 | D:7      | HP: 3/88 [gargoyle/stone arrow (23)]
  7545 | D:7      | Slain by a gargoyle

Illustrated notes

Levels and vault maps discovered:
D:1:      dpeg_arrival_tiny_a, layout_loops_cross
D:2:      layout_rooms, shapermc_ecumenical_altar_mp_highgroup, serial_shops,
          shop_statue
D:3:      layout_basic, vehumet_altar_wand_db, nemelex_spade_bored_becter
D:4:      layout_rooms, nicolae_sif_muna_little_library,
          okawaru_metal_pillars_3, dk_rats_in_the_wall
D:5:      layout_loops_ring, mainiacjoe_overflow_six_doors_small,
          kennysheep_mini_moat, elyvilon_altar_4, gup_ossuary_entry_pyramid,
          minmay_hollow_rounded_squares, uniq_menkaure, uniq_pikel
D:6:      minmay_recursive_quarters, layout_rooms,
          mainiacjoe_overflow_cross_hatched,
          minmay_temple_entry_drinking_statues, lexackson_kobold_supper
D:7:      minmay_the_grid_triangle_9x9_rhombus_thin
          [minmay_the_grid_triangle_9x9_stretched_checkered,
          minmay_the_grid_triangle_9x9_prize_insulated,
          minmay_the_grid_triangle_9x9_windchime,
          minmay_the_grid_triangle_9x9_shrine], layout_loops_ring,
          gammafunk_temple_overflow_forgotten

Skill      XL: |  1  2  3  4  5  6  7  8  9 10 |
---------------+-------------------------------+-----
Shields        | 4 5 6 7 |  7.0
Armour         | 4 5 6 7 8 9 10 | 10.2
Fighting       | 4 5 6 7 8 |  8.0
Maces & Flails | 3 4 6 7 9 11 12 | 12.1
Dodging        | 1 2 3 |  3.4
Throwing       | 1 |  1.3
Stealth        | 1 |  1.1
Invocations    | |  0.5

Action                   |  1- 3 |  4- 6 |  7- 9 | 10-12 || total
-------------------------+-------+-------+-------+-------++-------
Melee: Flail             |    90 |   110 |   218 |   135 ||   553
       Headbutt          |     8 |    20 |    54 |    26 ||   108
Throw: Boomerang         |       |       |     6 |       ||     6
Invok: Heroism           |       |       |     3 |     3 ||     6
  Use: Scroll            |     4 |       |     6 |     1 ||    11
       Potion            |       |     2 |     3 |     1 ||     6
Armor: Scale mail        |    67 |     5 |       |       ||    72
       Chain mail        |       |    50 |   137 |    59 ||   246
Dodge: Dodged            |    56 |    56 |    92 |    43 ||   247
Block: Buckler           |    24 |    29 |    61 |    49 ||   163
